 Dungeon Crawl Stone Soup version 0.28-a0-533-g9f97627e2a (webtiles) character file.

Game seed: 12903213731292346045

2 Spaninq the Sneak (level 1, -9/20 HPs)
             Began as a Hill Orc Delver on Sept 25, 2021.
             Mangled by an iguana (12 damage)
             ... on level 5 of the Dungeon.
             The game lasted 00:01:05 (430 turns).

Spaninq the Sneak (Hill Orc Delver)                  Turns: 430, Time: 00:01:06

Health: -9/20      AC:  3    Str: 14    XL:     1   Next: 30%
Magic:  1/1        EV: 11    Int: 10    God:
Gold:   0          SH:  0    Dex: 12    Spells: 0/0 levels left

rFire   . . .      SeeInvis .   a - +0 hand axe
rCold   . . .      Faith    .   (no shield)
rNeg    . . .      Spirit   .   b - +0 leather armour
rPois   .          Reflect  .   (no helmet)
rElec   .          Harm     .   (no cloak)
rCorr   .          Rampage  .   (no gloves)
Will    .....                   (no boots)
Stlth   ++........              (no amulet)
HPRegen 0.06/turn               (no ring)
MPRegen 0.07/turn               (no ring)

@: no status effects
A: no striking features
a: no special abilities


You were on level 5 of the Dungeon.
You visited 1 branch of the dungeon, and saw 2 of its levels.

Inventory:

Hand Weapons
 a - a +0 hand axe (weapon)
Armour
 b - a +0 leather armour (worn)
Wands
 g - a wand of digging (3)
Scrolls
 c - a scroll of fog
 d - a scroll of magic mapping
 e - a scroll of fear
 h - a scroll of identify {unknown}
Potions
 f - a potion of haste
 i - a potion of might {unknown}


   Skills:
 + Level 3.6 Fighting
 * Level 2.8 Axes
 + Level 0.1 Armour
 - Level 1.5 Dodging
 - Level 4.1 Stealth


You couldn't memorise any spells.
You didn't know any spells.
Your spell library was empty.

Dungeon Overview and Level Annotations

Branches:
Dungeon (5/15)
 Temple: D:4-7

Altars:


Message History

There is a stone staircase leading up here.
You hit the orc.
The orc is heavily wounded.
The orc hits you but does no damage.
You hit the orc.
You kill the orc!
Things that are here:
a +0 mace; a +0 ring mail of cold resistance; an orc corpse HP restored.
An iguana comes into view.
You open the door.
Found a short sword.
There is an open door here.
Found 21 stones.
An adder comes into view.
There is an open door here.
Things that are here:
a +0 mace; a +0 ring mail of cold resistance; an orc skeleton
There is a stone staircase leading up here.
You climb upwards.
A kobold comes into view. It is wielding a +0 whip.
The iguana closely misses you.
There is a stone staircase leading down here.
The iguana completely misses you.
You climb downwards.
There is a stone staircase leading up here.
You hit the iguana but do no damage. The iguana bites you.
You hit the iguana.
The iguana is lightly wounded.
The iguana bites you.
You hit the iguana but do no damage.
The iguana is lightly wounded.
The iguana barely misses you. The iguana bites you!
Ouch! That really hurt!
* * * LOW HITPOINT WARNING * * *
You hit the iguana.
The iguana is moderately wounded.
The iguana bites you!
Ouch! That really hurt!
You die...

### ######
####'###.#..###############
#........##>...............
#.)......###############.##
#........#.........# #.#
#........#.#######.# #.#
#........#.# #.# #.#
####'###.#l# #.# #.# #.# #.#@#
#.### #.# #.# #.#########.#.#
#.#
##########.###.#...........###.#
.............#.#.........#...#.#
##############.###########.#.#.#
#.........................#.#
####.#########.###############.#
.....# #.................#
###### ###################


You could see an iguana.

Vanquished Creatures
  An orc (D:5)
1 creature vanquished.

Notes
Turn   | Place    | Note
-------+----------+-------------------------------------------
     0 | D:5      | Spaninq the Hill Orc Delver began the quest for the Orb.
     0 | D:5      | Reached XP level 1. HP: 19/19 MP: 1/1
   162 | D:4      | Noticed an iguana
   273 | D:5      | Noticed an iguana
   430 | D:5      | Mangled by an iguana

Illustrated notes

Levels and vault maps discovered:
D:4:      layout_cave_pools, chequers_serial_rivers_micro_c, minivault_14
D:5:      layout_basic, minmay_temple_entry_fiery, grunt_ministairs_9

Action                   || total
-------------------------++-------
Melee: Hand axe          ||     7
 Stab: Sleeping          ||     1
Armor: Leather armour    ||     1
Dodge: Dodged            ||     4

Table legend: (Time is in decaauts)
 A = Elapsed time spent in this place.
 B = Non-inter-level travel time spent in this place.
 C = Inter-level travel time spent in this place.
 D = Time resting spent in this place.
 E = Time spent auto-exploring this place.
 F = Levels seen in this place.
 G = Mean time per level.
                   A        B        C        D        E       F      G
               +--------+--------+--------+--------+--------+-----+--------+
         Total |    432 |    374 |     58 |      0 |    250 |   2 |  216.0 |
       Dungeon |    432 |    374 |     58 |      0 |    250 |   2 |  216.0 |
               +--------+--------+--------+--------+--------+-----+--------+

Top non-repeatable levels by time:
     D:5: 420 daAuts
     D:4: 11 daAuts
